 Dungeon Sprint DCSS version 0.17-a0-1923-gc35365e (webtiles) character file.

2835 ololoev the Earth Mage (level 9, -15/45 HPs)
             Began as a Deep Elf Earth Elementalist on Sept 28, 2015.
             Was a Believer of Vehumet.
             Killed by blast of rock fragments (20 damage)
             ... in the Dungeon (Sprint I: "Red Sonja").
             The game lasted 00:04:54 (671 turns).

ololoev the Earth Mage (Deep Elf Earth Elementalist) Turns: 671, Time: 00:04:54

Health: -15/45     AC:  2    Str:  5    XL:     9   Next: 45%
Magic:  13/29      EV: 21    Int: 24    God:    Vehumet [**....]
Gold:   657        SH:  0    Dex: 15    Spells: 4 memorised, 24 levels left

rFire  . . .     SeeInvis .     b - +0 blowgun
rCold  . . .     Clarity  .     l - +0 robe
rNeg   . . .     SustAt   .     (no shield)
rPois  .         Gourm    .     (no helmet)
rElec  .         Spirit   .     (no cloak)
rCorr  .         Warding  .     (no gloves)
rMut   .         NoTele   +     (no boots)
MR     .....                    (no amulet)
Stlth  ++........               (no ring)
                                (no ring)

@: not resistant to hostile enchantments, unstealthy
A: no striking features
a: Renounce Religion

Inventory:

Hand weapons
 a - a +0 dagger of speed
 b - a +0 blowgun (weapon)
Missiles
 o - 6 curare-tipped needles (quivered)
Armour
 l - a +0 robe (worn)
Scrolls
 j - a scroll of blinking
 n - a scroll of immolation {unknown}
 p - a scroll of identify {unknown}
Potions
 e - a potion of curing
 f - a potion of heal wounds
 g - a potion of haste
 h - 2 potions of magic
 i - a potion of berserk rage
 m - a potion of degeneration {unknown}
Books
 c - a book of Geomancy

   Spells                             Type                      Level
   a - Sandblast                      Earth                        1
   b - Stoneskin                      Transmutation/Earth          2
   c - Passwall                       Transmutation/Earth          3
   d - Stone Arrow                    Conjuration/Earth            3
   e - Petrify                        Transmutation/Earth          4
   f - Lee's Rapid Deconstruction     Earth                        5
Comestibles
 d - a bread ration
 k - 4 chunks of flesh
 q - a meat ration


   Skills:
 + Level 13.1 Dodging
 - Level 2.4 Stealth
 + Level 14.2 Spellcasting
 - Level 1.1 Transmutations
 * Level 16.1 Earth Magic


You had 24 spell levels left. You knew the following spells: Your Spells Type Power Failure Level Hunger a - Sandblast Erth ###### 0% 1 None b - Petrify Trmt/Erth ######.. 1% 4 None c - Stoneskin Trmt/Erth ######.. 1% 2 None d - Lee's Rapid Deconstr Erth #######... 1% 5 ##..... You were in the Dungeon. You worshipped Vehumet. Vehumet was pleased with you. You were not hungry. You visited 1 branch You collected 657 gold pieces. ..÷..#..'..#..')..).#...# ..#####'#####'#__#### K.+ ..####..#...#.####%?# ### ..#__####..##)#§≈§..#$$ ..#_..__##'#..+§≈§§.' ⌠⌠#_.∩...'..._#≈§c. ###_..._##_.#'##§.## #_____###)#.#....# #########.####@### +...'.....+ #...####### ##.## #+#

Notes
Turn   | Place    | Note
--------------------------------------------------------------
     0 | D        | ololoev the Deep Elf Earth Elementalist began the quest for the Orb.
     0 | D        | Reached XP level 1. HP: 10/10 MP: 6/6
     1 | D        | Noticed Ijyb
     7 | D        | Killed Ijyb
     7 | D        | Reached skill level 7 in Earth Magic
     7 | D        | Reached XP level 2. HP: 9/15 MP: 1/8
   131 | D        | Noticed an ogre
   134 | D        | Killed an ogre
   134 | D        | Reached skill level 10 in Earth Magic
   134 | D        | Reached XP level 3. HP: 19/19 MP: 5/9
   134 | D        | Reached XP level 4. HP: 24/24 MP: 5/10
   140 | D        | Learned a level 4 spell: Petrify
   143 | D        | Learned a level 2 spell: Stoneskin
   155 | D        | Noticed Sigmund
   186 | D        | Killed Sigmund
   186 | D        | Reached skill level 11 in Earth Magic
   186 | D        | Reached XP level 5. HP: 17/28 MP: 2/16
   186 | D        | Reached XP level 6. HP: 19/32 MP: 2/17
   193 | D        | Learned a level 5 spell: Lee's Rapid Deconstruction
   212 | D        | Found a deep blue altar of Sif Muna.
   213 | D        | Noticed a jelly
   214 | D        | Found a radiant altar of Vehumet.
   215 | D        | Killed a jelly
   294 | D        | Found Fomurus's Book Emporium.
   294 | D        | Found a white marble altar of Elyvilon.
   294 | D        | Found a stormy altar of Qazlal.
   294 | D        | Found a burning altar of Makhleb.
   294 | D        | Found a sacrificial altar of Ru.
   294 | D        | Found a basalt altar of Yredelemnul.
   294 | D        | Found a glowing golden altar of the Shining One.
   294 | D        | Found a sparkling altar of Nemelex Xobeh.
   294 | D        | Found a shimmering altar of Xom.
   294 | D        | Found an opulent altar of Gozag.
   294 | D        | Found an ancient bone altar of Kikubaaqudgha.
   294 | D        | Found a glowing silver altar of Zin.
   294 | D        | Noticed a yak
   298 | D        | Killed a yak
   298 | D        | Reached skill level 12 in Earth Magic
   302 | D        | Found an iron altar of Okawaru.
   303 | D        | Found a bloodstained altar of Trog.
   312 | D        | Became a worshipper of Vehumet
   325 | D        | Noticed Sonja
   332 | D        | Killed Sonja
   332 | D        | Reached skill level 10 in Dodging
   332 | D        | Reached skill level 13 in Earth Magic
   332 | D        | Reached XP level 7. HP: 36/36 MP: 7/23
   332 | D        | Reached XP level 8. HP: 41/41 MP: 7/25
   423 | D        | Noticed a deep troll
   432 | D        | Killed a deep troll
   432 | D        | Reached skill level 14 in Earth Magic
   489 | D        | Found a snail-covered altar of Cheibriados.
   489 | D        | Found a viscous altar of Jiyva.
   489 | D        | Found a shadowy altar of Dithmenos.
   489 | D        | Found a blossoming altar of Fedhas.
   489 | D        | Noticed a slime creature
   493 | D        | Killed a slime creature
   493 | D        | Acquired Vehumet's first power
   493 | D        | Offered knowledge of Shock by Vehumet.
   509 | D        | Noticed a kobold demonologist
   510 | D        | Noticed a kobold demonologist
   515 | D        | Paralysed by a giant eyeball for 2 turns
   518 | D        | Killed a kobold demonologist
   522 | D        | Killed a kobold demonologist
   522 | D        | Reached skill level 15 in Earth Magic
   522 | D        | Reached XP level 9. HP: 45/45 MP: 8/28
   568 | D        | Killed a gargoyle
   667 | D        | Noticed a centaur warrior
   671 | D        | Noticed a centaur warrior
   671 | D        | Killed a centaur warrior
   671 | D        | Offered knowledge of Magic Dart by Vehumet.
   671 | D        | Reached skill level 16 in Earth Magic
   671 | D        | Killed by blast of rock fragments

Dungeon Overview and Level Annotations

Branches:
Dungeon (1/1)

Altars:
Cheibriados
Dithmenos
Elyvilon
Fedhas
Gozag
Kikubaaqudgha
Makhleb
Nemelex Xobeh
Okawaru
Qazlal
Ru
Sif Muna
Trog
Vehumet
Xom
Yredelemnul
Zin
The Shining One
Jiyva

Shops:
D :


Message History

Aiming: Lee's Rapid Deconstruction
Press: ? - help, Dir - move target cursor The door shatters!
The blast of rock fragments hits the centaur warrior.
The centaur warrior is moderately wounded.
You hear a shout!
Unknown command.
Unknown command.
The centaur warrior shoots an arrow.
The arrow hits you!!
There is an open door here.
You see here an arrow.
Casting: Lee's Rapid Deconstruction
Confirm with . or Enter, or press ? or * to list all spells.
Aiming: Lee's Rapid Deconstruction
Press: ? - help, Dir - move target cursor, f - centaur warrior Fragment what (e.g. wall or brittle monster)?: a centaur warrior, wielding a longbow (moderately wounded)
The door shatters!
The blast of rock fragments hits the centaur warrior.
The centaur warrior is severely wounded.
The centaur warrior shoots an arrow.
The arrow hits you!
A centaur warrior comes into view.
Unknown command.
Unknown command.
Casting: Lee's Rapid Deconstruction
Confirm with . or Enter, or press ? or * to list all spells.
Aiming: Lee's Rapid Deconstruction
Press: ? - help, Dir - move target cursor, p - centaur warrior That beam is likely to hit you.
Continue anyway?
The wall shatters!
The blast of rock fragments hits the centaur warrior.
You kill the centaur warrior!
Vehumet accepts your kill.
Vehumet offers you knowledge of Magic Dart.
Your Dodging skill increases to level 13!
Your Spellcasting skill increases to level 14!
Your Earth Magic skill increases to level 16!
The blast of rock fragments hits the centaur warrior.
The centaur warrior is severely wounded.
The blast of rock fragments hits you!
You die...

You could see a centaur warrior.

Vanquished Creatures
  A centaur warrior (D)
  Sonja (D)
  A deep troll (D)
  2 kobold demonologists (D)
  A slime creature (D)
  Sigmund (D)
  A yak (D)
  An ogre (D)
  Ijyb (D)
  A jelly (D)
  A giant eyeball (D)
12 creatures vanquished.

Vanquished Creatures (others)
  A gargoyle (D)
1 creature vanquished.

Grand Total: 13 creatures vanquished

Action                   |  1- 3 |  4- 6 |  7- 9 || total
-------------------------+-------+-------+-------++-------
Melee: Dagger            |       |    10 |       ||    10
 Fire: Blowgun           |       |       |     1 ||     1
 Cast: Sandblast         |     7 |     6 |     8 ||    21
       Petrify           |       |     2 |     2 ||     4
       Lee's Rapid Decon |       |     1 |     6 ||     7
       Stoneskin         |       |       |     1 ||     1
 Stab: Petrified         |       |     1 |       ||     1
       Sleeping          |       |       |     1 ||     1

Vault maps used:
D:        dungeon_sprint_1
